 Dungeon Crawl Stone Soup version 0.28.0-53-g5a82cb258f (webtiles) character file.

Game seed: 12214676151839338773

17 infcreate the Sneak (level 2, -2/15 HPs)
             Began as a Vampire Enchanter on Aug 3, 2022.
             Slain by a quokka (3 damage)
             ... on level 2 of the Dungeon.
             The game lasted 00:01:28 (1451 turns).

infcreate the Sneak (Vampire Enchanter)             Turns: 1451, Time: 00:01:29

Health: -2/15      AC:  2    Str:  7    XL:     2   Next: 44%
Magic:  1/5        EV: 12    Int: 17    God:
Gold:   34         SH:  0    Dex: 14    Spells: 3/5 levels left

rFire   . . .      SeeInvis +   a - +1 dagger
rCold   + + .      Faith    .   (no shield)
rNeg    + + +      Spirit   .   b - +0 robe
rPois   ∞          Reflect  .   (no helmet)
rElec   .          Harm     .   (no cloak)
rCorr   .          Rampage  .   (no gloves)
Will    .....                   (no boots)
Stlth   +++++.....              (no amulet)
HPRegen 0.00/turn               (no ring)
MPRegen 0.09/turn               (no ring)

@: bloodless, inhibited regen
A: bloodless, fangs 3, see invisible, vampiric 1
a: Revivify


You were on level 2 of the Dungeon.
You visited 1 branch of the dungeon, and saw 2 of its levels.

You collected 34 gold pieces.


Innate Abilities, Weirdness & Mutations

You do not regenerate when monsters are visible.
You are frail without blood (-20% HP).
You can heal yourself when you bite living creatures.
You are immune to poison.
You have razor-sharp teeth.
You have supernaturally acute eyesight. (SInv)
You are afflicted with vampirism.


   Skills:
 + Level 1.5 Short Blades
 + Level 2.4 Dodging
 + Level 4.7 Stealth
 + Level 2.2 Spellcasting
 + Level 4.7 Hexes


You had 3 spell levels left.
You knew the following spells:

 Your Spells              Type           Power      Damage    Failure   Level
e - Ensorcelled Hibernat  Hex/Ice        18%        N/A       11%         2

Your spell library contained the following spells:

 Spells                   Type           Power      Damage    Failure   Level
 Confusing Touch          Hex            17%        N/A       9%          3
 Tukima's Dance           Hex            17%        N/A       9%          3
 Dazzling Flash           Conj/Hex       18%        N/A       22%         3

Inventory:

Hand Weapons
 a - a +1 dagger (weapon)
Missiles
 h - 18 stones (quivered)
Armour
 b - a +0 robe (worn)
Scrolls
 d - a scroll of holy word {unknown}
 e - a scroll of blinking
 f - a scroll of teleportation {unknown}
 g - a scroll of fear
Potions
 c - a potion of invisibility

Dungeon Overview and Level Annotations

Branches:
Dungeon (2/15)

Altars:

###### ......#
.......##############
#..........r@..)..#
##...############.#
##.# #.# #. #.# # ..#
#.# #.# #.# ..# #.#
#.# #.# #.# #.# #.#
#.# #.#


You could see a quokka.


Message History

Aiming: Ensorcelled Hibernation (safe; 11% risk of failure)
Press: ? - help, Shift-Dir - straight line, f/p - quokka
Aim: a quokka (chance to affect: 61%)
The quokka looks drowsy...
You see here a +0 club.
You start resting.
Magic restored.
You see here a +0 club.
Casting: Ensorcelled Hibernation (safe; 11% risk of failure)
Confirm with . or Enter, or press ? or * to list all spells.
Aiming: Ensorcelled Hibernation (safe; 11% risk of failure)
Press: ? - help, Shift-Dir - straight line, f/p - quokka
Aim: a quokka (chance to affect: 61%)
The quokka resists with significant effort.
The quokka bites you. x2
Casting: Ensorcelled Hibernation (safe; 11% risk of failure)
Confirm with . or Enter, or press ? or * to list all spells.
Aiming: Ensorcelled Hibernation (safe; 11% risk of failure)
Press: ? - help, Shift-Dir - straight line, f/p - quokka
Aim: a quokka (chance to affect: 61%)
The quokka resists with significant effort.
The quokka bites you.
* * * LOW HITPOINT WARNING * * *
You hit the quokka but do no damage. The quokka bites you.
* * * LOW HITPOINT WARNING * * *
You closely miss the quokka. The quokka bites you.
* * * LOW HITPOINT WARNING * * *
You barely miss the quokka. The quokka closely misses you.
You completely miss the quokka. The quokka bites you.
You die...

Action                   || total
-------------------------++-------
Melee: Dagger            ||    26
       Bite              ||     1
 Cast: Ensorcelled Hiber ||     6
 Abil: Exsanguinate      ||     1
  Use: Scroll            ||     2
 Stab: Sleeping          ||    11
Armor: Robe              ||     1
Dodge: Dodged            ||     5

Levels and vault maps discovered:
D:1:      amcnicky_arrival_flooded_fountain, layout_basic,
          hellmonk_ecumenical_altar_crossroads, hangedman_decor_points
D:2:      layout_loops_ring, st_stairs_11, corexii_hall_statues_s, uniq_jessica,
          uniq_natasha

Notes
Turn   | Place    | Note
-------+----------+-------------------------------------------
     0 | D:1      | infcreate the Vampire Enchanter began the quest for the
                  | Orb.
     0 | D:1      | Reached XP level 1. HP: 13/13 MP: 3/3
    49 | D:1      | Found a faded altar of an unknown god.
   859 | D:1      | Reached XP level 2. HP: 15/15 MP: 5/5
   862 | D:1      | Learned a level 2 spell: Ensorcelled Hibernation
  1449 | D:2      | HP: 1/15 [quokka (4)]
  1451 | D:2      | Slain by a quokka

Vanquished Creatures
  4 endoplasms (D:1)
  A giant cockroach (D:1)
  2 hobgoblins
  A quokka (D:2)
  A ball python (D:1)
  A frilled lizard (D:1)
  3 goblins
  A kobold (D:1)
  A rat (D:1)
15 creatures vanquished.

Table legend: (Time is in decaauts)
 A = Elapsed time spent in this place.
 B = Non-inter-level travel time spent in this place.
 C = Inter-level travel time spent in this place.
 D = Time resting spent in this place.
 E = Time spent auto-exploring this place.
 F = Levels seen in this place.
 G = Mean time per level.
                   A        B        C        D        E       F      G
               +--------+--------+--------+--------+--------+-----+--------+
         Total |   1449 |   1394 |     55 |     51 |   1175 |   2 |  724.5 |
       Dungeon |   1449 |   1394 |     55 |     51 |   1175 |   2 |  724.5 |
               +--------+--------+--------+--------+--------+-----+--------+

Top non-repeatable levels by time:
     D:1: 1277 daAuts
     D:2: 171 daAuts

Table legend:
 A = Non-vault XP
 B = Vault XP
 C = Vault XP percentage of total XP
 D = Non-vault monster count
 E = Vault monster count
 F = Vault count percentage of total count
                 A         B        C        D         E       F
            +---------+---------+-------+---------+---------+-------
      Total |      25 |       0 |   0.0 |      15 |       0 |   0.0
            +---------+---------+-------+---------+---------+-------
        D:1 |      19 |       0 |   0.0 |      12 |       0 |   0.0
        D:2 |       6 |       0 |   0.0 |       3 |       0 |   0.0
            +---------+---------+-------+---------+---------+-------
